[Event "Late-Titled-Tuesday-Blitz-March-26-2024"]
[Site "Chess.com"]
[Date "2024.03.26"]
[Round "9"]
[White "djano"]
[Black "HajiyevKanan"]
[Result "0-1"]
[WhiteElo "2670"]
[BlackElo "2571"]
[TimeControl "180+1"]
[EndTime "15:45:03 PDT"]
[Termination "HajiyevKanan won by checkmate"]

1. e4 c6 2. b3 d5 3. Bb2 dxe4 4. Nc3 Nf6 5. Qe2 Bg4 6. Qe3 Qb6 7. Qg3 Nbd7 8. h3 Bh5 9. Be2 Bg6 10. O-O-O e6 11. f3 Bb4 12. fxe4 Bxc3 13. Qxc3 Bxe4 14. Nf3 O-O-O 15. Rhf1 Rhg8 16. Ng5 Bg6 17. Qg3 Qa5 18. Kb1 Nc5 19. d3 Na6 20. a3 Nc7 21. b4 Qa4 22.
Qf4 Nb5 23. Qc1 Nd4 24. Rf2 h6 25. Nf3 Nxe2 26. Rxe2 Nd5 27. Ne5 Rde8 28. Nxg6 fxg6 29. Rde1 Nc7 30. Qf4 Nb5 31. Qc1 Nc7 32. Re5 Nd5 33. c4 Nb6 34. Ra5 Qb3 35. Rxa7 Qxd3+ 36. Qc2 Qxc2+ 37.
Kxc2 Nxc4 38. Bd4 Kb8 39. Ra4 e5 40. Bc5 Rd8 41. Kc3 b5 42. Ra6 Rd7 43. Rf1 Rgd8 44. Rf3 e4 45. Rg3 e3 46. Rxc6 Rd3+ 47. Kc2 Rd2+ 48. Kc1 Rd1+ 49. Kc2 R8d2+ 50. Kc3 Rc1+ 51. Kb3 Rb2# 0-1

[Event "Late-Titled-Tuesday-Blitz-March-26-2024"]
[Site "Chess.com"]
[Date "2024.03.26"]
[Round "9"]
[White "dolynachess"]
[Black "The_Straightforward_Rook"]
[Result "1-0"]
[WhiteElo "2514"]
[BlackElo "2390"]
[TimeControl "180+1"]
[EndTime "15:45:03 PDT"]
[Termination "dolynachess won on time"]

1. d4 d5 2. c4 c6 3. Nf3 Nf6 4. g3 Bg4 5. Bg2 Nbd7 6. O-O e6 7. Nc3 Bd6 8. Nd2 O-O 9. Qb3 Qb6 10. e4 Qxb3 11. axb3 dxe4 12. Ndxe4 Nxe4 13. Nxe4 Be7 14.
Bf4 a6 15. Bd6 Rfe8 16. Bc7 Bf5 17. Nd6 Bxd6 18. Bxd6 Nf6 19. h3 Rad8 20. Be5 Ne4 21. Rfd1 f6 22. Bf4 g5 23. Be3 Rd7 24. Ra5 Bg6 25. b4 Nd6 26. Rc5 Red8 27. g4 Ne4 28. Ra5 Nd6 29. Rc1 Bd3 30. b3 Be4 31. f3 Bg6 32.
Kf2 h6 33. Kg3 f5 34. Kh2 f4 35. Bf2 Nf7 36. h4 Kg7 37. Kg1 Rxd4 38. Bxd4+ Rxd4 39. h5 Bh7 40. Bf1 Kf6 41. Ra2 Ne5 42. Kf2 Bd3 43.
Rd2 Bxf1 44. Rxd4 Nd3+ 45. Kxf1 Nxc1 46. Rd7 Nxb3 47. Rh7 Nd2+ 48. Ke2 Nxc4 49. Rxh6+ Ke5 50. Rg6 1-0

[Event "Late-Titled-Tuesday-Blitz-March-26-2024"]
[Site "Chess.com"]
[Date "2024.03.26"]
[Round "9"]
[White "KaydenTroffChess"]
[Black "HansOnTwitch"]
[Result "0-1"]
[WhiteElo "2872"]
[BlackElo "3106"]
[TimeControl "180+1"]
[EndTime "15:45:06 PDT"]
[Termination "HansOnTwitch won by resignation"]

1. d4 Nf6 2. Nf3 d5 3. Bf4 c5 4. e3 Nc6 5. Nc3 Bg4 6. dxc5 e6 7. Nb5 Rc8 8. Nd6+ Bxd6 9. Bxd6 Ne4 10. Be2 Nxd6 11.
cxd6 Qxd6 12. c3 O-O 13. O-O Bxf3 14. Bxf3 Rfd8 15. h3 Ne5 16. Be2 Qc7 17. Qd4 Nc6 18. Qh4 a6 19. Rfd1 Qe5 20. Bf3 h6 21. Rd2 Qg5 22.
Qxg5 hxg5 23. Rad1 f5 24. Be2 Ne5 25. Rd4 Re8 26. Rb4 Re7 27. a4 Kf7 28. g4 g6 29. Kg2 Kf6 30. Rb6 Rd7 31. f4 Nf7 32. c4 Rc6 33. Rxc6 bxc6 34. cxd5 exd5 35. Bxa6 Ra7 36.
Bd3 Rxa4 37. Rc1 Nd8 38. gxf5 gxf5 39. fxg5+ Kxg5 40. Rf1 f4 41. Kf3 Ne6 42. Rg1+ Kf6 43. Rg4 Rb4 44. exf4 Rb3 45. Ke2 Rxb2+ 46. Ke3 Rb3 47.
Kd2 c5 48. Rg6+ Kf7 49. f5 Rxd3+ 50. Kc2 Nf4 51. Rc6 c4 52. h4 Ne2 53. Rc7+ Kf6 54. h5 Nd4+ 55. Kb2 Nxf5 56. h6 Nxh6 0-1

[Event "Late-Titled-Tuesday-Blitz-March-26-2024"]
[Site "Chess.com"]
[Date "2024.03.26"]
[Round "9"]
[White "N_I_Chess"]
[Black "ccccvhhhj"]
[Result "1-0"]
[WhiteElo "2344"]
[BlackElo "2429"]
[TimeControl "180+1"]
[EndTime "15:45:06 PDT"]
[Termination "N_I_Chess won on time"]

1. d4 e5 2. dxe5 d6 3. Nf3 Bg4 4. Nc3 Nc6 5. Bg5 Qd7 6. e4 h6 7. Bh4 g5 8. Bg3 O-O-O 9. exd6 Bxd6 10. Bxd6 Qe8 11. Bd3 Rxd6 12. h3 Bh5 13. Qc1 f5 14. Nb5 Re6 15. Nd2 fxe4 16. Bc4 Re5 17. O-O Nf6 18.
Nc3 g4 19. h4 g3 20. fxg3 Ng4 21. Qe1 e3 22. Nf3 Re7 23. Nd5 Rd7 24. Qe2 Rg8 25. Rae1 Qe4 26. Nxe3 Nxe3 27. Bxg8 Re7 28. Bb3 Qg4 29.
Qf2 Nf5 30. Rxe7 Ncxe7 31. Be6+ Kb8 32. Ne5 Qe4 33. Nd7+ Ka8 34. Bxf5 Nxf5 35. Qxf5 Qd4+ 36.
Qf2 Qxd7 37. Qf8+ Be8 38. Re1 Qd4+ 39. Kh2 a6 40. Qxe8+ Ka7 41. Qe3 Qxe3 42. Rxe3 1-0

[Event "Late-Titled-Tuesday-Blitz-March-26-2024"]
[Site "Chess.com"]
[Date "2024.03.26"]
[Round "9"]
[White "Zavgorodniy_Sergiy"]
[Black "dennisodessa"]
[Result "1-0"]
[WhiteElo "2667"]
[BlackElo "2535"]
[TimeControl "180+1"]
[EndTime "15:45:07 PDT"]
[Termination "Zavgorodniy_Sergiy won by resignation"]

1. d4 Nf6 2. c4 e6 3. Nf3 Bb4+ 4. Nbd2 a5 5. g3 b6 6. Bg2 Bb7 7. O-O O-O 8. b3 d6 9. Bb2 Nbd7 10. Nb1 d5 11. c5 bxc5 12. a3 cxd4 13. axb4 axb4 14. Qxd4 c5 15. Qd3 Rxa1 16. Bxa1 Qa5 17. Bb2 Ra8 18. Rc1 Qa2 19. Qc2 Qa6 20. e3 Rc8 21. Nbd2 Qd6 22. e4 Nxe4 23. Nxe4 dxe4 24. Nd2 f5 25. Nc4 Qe7 26. Ra1 Ra8 27. Rxa8+ Bxa8 28. Qd1 Bd5 29. Qa1 h6 30. Qa7 Bxc4 31. bxc4 Qd6 32. Bf1 Ne5 33.
Be2 Kh7 34. Kf1 Qd7 35. Qxc5 Nf3 36. Qxb4 Nxh2+ 37. Kg2 Nf3 38. Bxf3 exf3+ 39. Kxf3 Qc6+ 40. Ke2 Qe4+ 41. Kd2 Qf3 42. Qc5 f4 43. Qd4 e5 44.
Qd3+ e4 45. Qxf3 exf3 46. c5 h5 47. c6 g5 48. c7 h4 49. c8=Q 1-0

[Event "Late-Titled-Tuesday-Blitz-March-26-2024"]
[Site "Chess.com"]
[Date "2024.03.26"]
[Round "9"]
[White "andrzej"]
[Black "UK_23"]
[Result "0-1"]
[WhiteElo "2506"]
[BlackElo "2404"]
[TimeControl "180+1"]
[EndTime "15:45:09 PDT"]
[Termination "UK_23 won on time"]

1. e4 e5 2. Nf3 Nf6 3. Nxe5 Nxe4 4. Qe2 Qe7 5. Qxe4 d6 6. d4 dxe5 7. dxe5 Nc6 8. Nc3 Qxe5 9. Qxe5+ Nxe5 10. Bf4 Bd6 11.
Bg3 h5 12. Nb5 h4 13. Nxd6+ cxd6 14. Bf4 f6 15. O-O-O Ke7 16. Bb5 g5 17. Be3 h3 18.
g3 Bf5 19. f4 gxf4 20. Bxf4 a6 21. Ba4 b5 22. Bb3 Rac8 23. Kb1 a5 24. Rd2 a4 25. Bd5 Rc5 26. b4 Rc3 27. Re1 Rhc8 28. Be4 Be6 29. Bxe5 dxe5 30. Bd3 Bc4 31. Bf5 Be6 32. Bd3 a3 33.
Bxb5 Rb8 34. Ba4 Rxb4+ 35. Bb3 Bf5 36. Rf2 Bg6 37. Kc1 Rd4 38. Rd2 Rxd2 39. Kxd2 Rf3 40. Re3 Rf1 41. Re1 Rf2+ 42. Re2 Rf3 43. Re3 Rf2+ 44.
Re2 Rg2 45. c3 Kd6 46. Ke1 Rg1+ 47. Kf2 Rc1 48. c4 Kc5 49. Rd2 Be4 50. Rd7 Rh1 51. Ke3 Bc6 52. Rf7 Rxh2 53. Rxf6 Rg2 54. Rh6 Rxg3+ 55. Kf2 Rc3 0-1

[Event "Late-Titled-Tuesday-Blitz-March-26-2024"]
[Site "Chess.com"]
[Date "2024.03.26"]
[Round "9"]
[White "Mikhail_Bryakin"]
[Black "Korchmar_Vasiliy"]
[Result "1-0"]
[WhiteElo "2875"]
[BlackElo "2703"]
[TimeControl "180+1"]
[EndTime "15:45:13 PDT"]
[Termination "Mikhail_Bryakin won on time"]

1. c4 c6 2. d4 d5 3. Nc3 Nf6 4. cxd5 cxd5 5. f3 g6 6. e4 dxe4 7. fxe4 Bg7 8. Bb5+ Bd7 9. Bxd7+ Nfxd7 10. Nf3 O-O 11.
O-O Nc6 12. Be3 Rc8 13. Qe2 e5 14. d5 Nd4 15. Qf2 Nc5 16. Rad1 f5 17. Nxd4 exd4 18. Bxd4 Nxe4 19. Qe3 Nxc3 20. bxc3 Re8 21. Qf2 Qd6 22. Bxg7 Kxg7 23. Qxa7 Rxc3 24. Qxb7+ Re7 25. Qb2 Qf6 26. d6 Rd7 27. Rf3 Rc6 28. Qxf6+ Kxf6 29. Rfd3 Ke6 30. Kf2 Ra6 31. R1d2 Ra8 32. h4 h6 33. Kf3 g5 34. h5 Ra4 35. g3 Ra6 36. a3 Kf6 37.
Ke3 Ra4 38. Rd1 Re4+ 39. Kf3 Ra4 40. Ke2 Ra6 41. R1d2 Ke6 42. Kd1 Kf6 43. Kc2 Rc6+ 44. Kb3 Rb7+ 45. Ka2 Rd7 46. a4 Ra6 47. Kb3 f4 48. gxf4 gxf4 49. Kb4 Ke5 50. Re2+ Kf5 51. Rd5+ Kg4 52. Re6 f3 53. Rxh6 Rb6+ 54. Kc5 Rb1 55. Rg6+ Kh3 56. Rf6 Kg2 57. Rg5+ Kf2 58. Rgf5 Rb3 59.
Rxf3+ Rxf3 60. Rxf3+ Kxf3 61. Kc6 Rh7 62. d7 1-0

[Event "Late-Titled-Tuesday-Blitz-March-26-2024"]
[Site "Chess.com"]
[Date "2024.03.26"]
[Round "9"]
[White "Siemba"]
[Black "Slovak_fighter2000"]
[Result "1-0"]
[WhiteElo "2481"]
[BlackElo "2600"]
[TimeControl "180+1"]
[EndTime "15:45:14 PDT"]
[Termination "Siemba won on time"]

1. e4 e6 2. d4 d5 3. Nc3 Nf6 4. Bg5 dxe4 5. Nxe4 Nbd7 6. Nf3 Be7 7. Bxf6 Nxf6 8. Bd3 c5 9. dxc5 Nxe4 10. Bxe4 Qxd1+ 11. Rxd1 Bxc5 12. O-O Rb8 13. a4 Ke7 14. c3 Rd8 15. b4 Bd6 16. Rfe1 Bd7 17. b5 h6 18. Nd4 Be8 19. Bxb7 Bc5 20. Nc6+ Bxc6 21. bxc6 Bb6 22.
Kf1 Bc7 23. Ke2 Rxd1 24. Rxd1 Rd8 25. Rb1 Rb8 26. Rb5 g6 27. g3 h5 28. h3 Bd6 29. Ra5 Kd8 30. Rxa7 Bc5 31. Ra5 Bb6 32. Rb5 Kc7 33. a5 Ba7 34. a6 Rd8 35. Rb3 Rb8 36. c4 Bc5 37. Rf3 Rf8 38. g4 hxg4 39. hxg4 Ba7 40.
g5 Bc5 41. Rd3 Rd8 42. Rf3 Rf8 43. Kd3 Kb8 44. Ke4 Bd6 45. Rd3 Rd8 46. f4 Bc7 47. Rd7 1-0

[Event "Late-Titled-Tuesday-Blitz-March-26-2024"]
[Site "Chess.com"]
[Date "2024.03.26"]
[Round "9"]
[White "TokChess"]
[Black "RuperezA"]
[Result "1-0"]
[WhiteElo "2608"]
[BlackElo "2468"]
[TimeControl "180+1"]
[EndTime "15:45:15 PDT"]
[Termination "TokChess won on time"]

1. c4 c6 2. d4 d5 3. e3 Nf6 4. Nf3 e6 5. Nc3 Bd6 6. Bd2 O-O 7. Qc2 dxc4 8. Bxc4 b5 9. Bd3 Bb7 10. O-O Nbd7 11. Rfc1 Rc8 12. a4 a6 13. axb5 cxb5 14. Qd1 e5 15. Bf1 Qe7 16. Ne2 Rfd8 17. Ng3 h5 18.
Nf5 Qe6 19. Rxc8 Rxc8 20. Nxd6 Qxd6 21. dxe5 Nxe5 22. Nxe5 Qxe5 23. Bc3 Qe6 24. Qd4 Qe4 25. f3 Qxd4 26. Bxd4 Rc2 27. Bc3 Nd5 28. Bd3 Rxc3 29. bxc3 Nxc3 30. e4 b4 31. Bc4 Kf8 32. Kf2 h4 33.
Ke3 h3 34. gxh3 Ke7 35. Kd4 g5 36. Bxa6 Bxa6 37. Rxa6 Ne2+ 38. Ke3 Nf4 39. Rb6 Nxh3 40. Rxb4 f6 41. Rb6 Nf4 42. Kf2 Kf7 43. Kg3 Nd3 44.
h4 gxh4+ 45. Kxh4 Ne5 46. Kg3 Nd3 47. f4 Nc5 48. Kf3 Ne6 49. Ke3 Nf8 50. f5 1-0

[Event "Late-Titled-Tuesday-Blitz-March-26-2024"]
[Site "Chess.com"]
[Date "2024.03.26"]
[Round "9"]
[White "egnfanclub"]
[Black "Eloist"]
[Result "0-1"]
[WhiteElo "2366"]
[BlackElo "2477"]
[TimeControl "180+1"]
[EndTime "15:45:15 PDT"]
[Termination "Eloist won on time"]

1. e4 e6 2. d4 d5 3. Nc3 Nf6 4. e5 Nfd7 5. Nf3 c5 6. dxc5 Nc6 7. Bf4 Bxc5 8. Bd3 f6 9. exf6 Qxf6 10. Bg5 Qf7 11. Qe2 O-O 12. O-O-O Bb4 13. Bd2 Nf6 14. h3 Bd7 15. Ne5 Nxe5 16. Qxe5 Bc6 17. a3 Nd7 18. Qg3 Bc5 19. f3 e5 20. Rhf1 a6 21.
Qh4 Nf6 22. Bg5 b5 23. Rde1 Rfe8 24. Bxf6 gxf6 25. Bf5 Rab8 26. Ne2 b4 27. axb4 Rxb4 28. Qg3+ Kh8 29. c3 Rb6 30. f4 e4 31. Nd4 Bxd4 32.
cxd4 Reb8 33. Rf2 Bb5 34. Qh4 Bd3 35. Rd2 Rc6+ 36. Kd1 Qc7 37. Rxd3 Rc1+ 38. Kd2 Rxb2+ 39. Ke3 exd3 40. Kf3 Rxe1 41. Qxf6+ Kg8 42. Be6+ Rxe6 43. Qxe6+ Qf7 44. Qc8+ Kg7 45. Qg4+ Kh8 46. Qc8+ Qg8 47. Qg4 Qxg4+ 48. hxg4 Re2 49. f5 Re4 50. g5 d2 0-1

[Event "Late-Titled-Tuesday-Blitz-March-26-2024"]
[Site "Chess.com"]
[Date "2024.03.26"]
[Round "9"]
[White "dasatcu90"]
[Black "RianKapriaga"]
[Result "0-1"]
[WhiteElo "2234"]
[BlackElo "2350"]
[TimeControl "180+1"]
[EndTime "15:45:17 PDT"]
[Termination "RianKapriaga won on time"]

1. d4 Nf6 2. Nf3 d5 3. e3 Bf5 4.
Bd3 e6 5. Bxf5 exf5 6. c4 c6 7. Qb3 Qb6 8. Nc3 dxc4 9. Qxc4 Nbd7 10. O-O Be7 11. b4 O-O 12. Rb1 a6 13. a4 Rac8 14. Bd2 Ne4 15. Rfd1 Ndf6 16. Be1 Nxc3 17. Qxc3 Nd5 18.
Qc4 Rfd8 19. Ne5 Bd6 20. Nd3 Qc7 21. b5 Bxh2+ 22. Kh1 Bd6 23. bxa6 bxa6 24. Rdc1 Qe7 25. Kg1 Qh4 26. f4 Qg4 27. Bf2 Be7 28. Ne5 Qh5 29.
Qxa6 Bh4 30. Nf3 Bxf2+ 31. Kxf2 Qg6 32. Ne5 Qd6 33. Rxc6 Rxc6 34. Qxc6 Qa3 35. Qc4 g6 36. Rc1 Qxe3+ 37. Kf1 Nxf4 38. Qxf7+ Kh8 39. Qf6+ Kg8 40.
Qxd8+ Kg7 41. Rc7+ Kh6 42. Qh4+ Nh5 43. Nf7+ Kg7 44.
Ng5+ Kg8 0-1

[Event "Late-Titled-Tuesday-Blitz-March-26-2024"]
[Site "Chess.com"]
[Date "2024.03.26"]
[Round "9"]
[White "dretch"]
[Black "Hrant_ChessMood"]
[Result "1-0"]
[WhiteElo "2878"]
[BlackElo "2936"]
[TimeControl "180+1"]
[EndTime "15:45:20 PDT"]
[Termination "dretch won on time"]

1. d4 Nf6 2. c4 g6 3. Nc3 Bg7 4. e4 d6 5. Nf3 O-O 6. h3 c5 7. d5 e6 8. Bd3 exd5 9. cxd5 Re8 10. O-O c4 11. Bc2 Na6 12. Be3 Bd7 13. a4 Nb4 14.
Bb1 b6 15. Qd2 a6 16. Re1 Qc7 17. Bd4 Qd8 18. Ra3 Rc8 19. Nd1 a5 20. Nc3 Re7 21. Qf4 Ne8 22. Bxg7 Kxg7 23. Nd4 f6 24. Qd2 Nc7 25.
Ncb5 Nxb5 26. axb5 Rc5 27. Rae3 Bxb5 28. Ne6+ Rxe6 29. dxe6 Qe7 30. f4 Nd3 31. Bxd3 cxd3 32. f5 d5 33. e5 Rc2 34. Qd1 fxe5 35. Rxe5 Qg5 36. Qg4 Qe7 37. fxg6 hxg6 38. Rxd5 d2 39. Rd1 Rc1 40. Rxd2 Qc5+ 41. Kh2 Qe5+ 42. Qg3 Qxg3+ 43. Kxg3 Rxd1 44. Rxd1 Kf6 45. Rd6 Bc4 46. Rxb6 a4 47.
Kf2 g5 48. g3 Bb3 49. h4 gxh4 50. gxh4 Bxe6 51. Ra6 Kf5 52. Rxa4 1-0

[Event "Late-Titled-Tuesday-Blitz-March-26-2024"]
[Site "Chess.com"]
[Date "2024.03.26"]
[Round "9"]
[White "Karttunen"]
[Black "Juicy_Fork"]
[Result "1-0"]
[WhiteElo "2716"]
[BlackElo "2568"]
[TimeControl "180+1"]
[EndTime "15:45:21 PDT"]
[Termination "Karttunen won on time"]

1. e4 e5 2. Nf3 Nc6 3. Bb5 a6 4. Ba4 Nf6 5. O-O d6 6. Bxc6+ bxc6 7. d4 exd4 8. Nxd4 c5 9. Nc6 Qd7 10. Na5 Be7 11. Nc3 O-O 12. Re1 Re8 13. Bg5 h6 14. Bh4 c6 15. e5 dxe5 16. Qxd7 Nxd7 17. Bxe7 Rxe7 18. Nxc6 Re6 19. Na5 Nf6 20. Rad1 Bd7 21. Nd5 Rd8 22. Nxf6+ gxf6 23. Rd5 Rb6 24. b3 Kf8 25.
Red1 Ke7 26. a4 Ke6 27. Rxc5 Rbb8 28. Rcd5 Ke7 29. Nc4 Be6 30. Rxd8 Rxd8 31. Rxd8 Kxd8 32. Ne3 f5 33. g3 f4 34. gxf4 exf4 35. Ng2 Bf5 36.
Ne1 Kd7 37. Kf1 Kd6 38. Ke2 Kc5 39. c3 Be4 40. Kd2 Bd5 41. Nd3+ Kd6 42. b4 f3 43. Ke3 Bc6 44. a5 f6 45. Kd4 Ke6 46. c4 Kf5 47. Kc5 Be8 48. b5 Ke4 49. Ne1 axb5 50. cxb5 Bf7 51.
a6 Bd5 52. b6 f5 53. b7 Bxb7 54. axb7 f4 55. b8=Q 1-0

[Event "Late-Titled-Tuesday-Blitz-March-26-2024"]
[Site "Chess.com"]
[Date "2024.03.26"]
[Round "9"]
[White "Slovineanu"]
[Black "Zampronha1971"]
[Result "0-1"]
[WhiteElo "2485"]
[BlackElo "2387"]
[TimeControl "180+1"]
[EndTime "15:45:21 PDT"]
[Termination "Zampronha1971 won on time"]

1. d4 Nf6 2. Nf3 e6 3. c4 b6 4. e3 Bb7 5. Bd3 Bb4+ 6. Nbd2 Ne4 7. O-O Bxd2 8. Nxd2 f5 9. b4 O-O 10. Bb2 Qf6 11. Qc2 Nxd2 12. Qxd2 Qg6 13. f3 d6 14.
a4 Nd7 15. a5 Nf6 16. axb6 axb6 17. Rxa8 Rxa8 18. Bc2 Qe8 19. Bb3 Kh8 20. Ra1 Rxa1+ 21. Bxa1 d5 22. Qa2 h6 23. Qa7 Qa8 24. Qxa8+ Bxa8 25. c5 Bc6 26. cxb6 cxb6 27. Bc3 Kg8 28. Kf2 Kf7 29.
h3 Ke7 30. g4 g6 31. Be1 Bb5 32. Kg2 Bc4 33. Bc2 Kd7 34. Bg3 Kc6 35. Be5 Ne8 36. e4 dxe4 37. fxe4 fxe4 38. Kf2 Bd3 39. Bb3 Kd7 40. Ke3 Nd6 41. Bg7 h5 42. Bd1 hxg4 43. hxg4 Kc6 44. Kf4 Kd5 45. Bb3+ Nc4 46. Bxc4+ Kxc4 47. Ke3 Kxb4 48. Bf8+ Kc4 49. Bg7 b5 50. Bf6 b4 51. Bg7 b3 0-1

[Event "Late-Titled-Tuesday-Blitz-March-26-2024"]
[Site "Chess.com"]
[Date "2024.03.26"]
[Round "9"]
[White "MariusBieliauskas"]
[Black "EternalNight8"]
[Result "1-0"]
[WhiteElo "2351"]
[BlackElo "2438"]
[TimeControl "180+1"]
[EndTime "15:45:22 PDT"]
[Termination "MariusBieliauskas won by checkmate"]

1. d4 Nf6 2. c4 g6 3. Nc3 d5 4. cxd5 Nxd5 5. e4 Nxc3 6. bxc3 Bg7 7. Qa4+ Nd7 8. Nf3 O-O 9. Be2 c5 10. Qa3 cxd4 11. cxd4 Nb6 12. Be3 Bg4 13. Rd1 Bxf3 14. gxf3 Qd7 15. O-O Rfc8 16. Kg2 Nc4 17. Bxc4 Rxc4 18.
d5 b5 19. Rc1 Qc7 20. Rxc4 bxc4 21. Rc1 a5 22. Qa4 Rc8 23. f4 c3 24. e5 c2 25. d6 exd6 26. exd6 Qxd6 27. Rxc2 Qd5+ 28. Kg3 Re8 29. Qxe8+ Bf8 30. Rc8 Qd6 31. Qxf8+ Qxf8 32. Rxf8+ Kxf8 33. a4 Ke7 34. Bb6 Kd6 35. Bxa5 f5 36. Bd2 Kc6 37. Kh4 h6 38. Kg3 Kd5 39. Kf3 Kc4 40. Ke3 g5 41. fxg5 hxg5 42. Kf3 f4 43. Kg4 Kd3 44. Bb4 Ke2 45. Bc5 Kd3 46. a5 Kc4 47. a6 Kxc5 48. a7 Kb6 49. a8=Q Kc5 50. Qd8 Kc4 51. Kxg5 Kc3 52. Kxf4 Kc2 53. Ke3 Kc3 54. Qd4+ Kc2 55. Qc4+ Kd1 56. Qa2 Kc1 57.
Kd3 Kd1 58. Qd2# 1-0

[Event "Late-Titled-Tuesday-Blitz-March-26-2024"]
[Site "Chess.com"]
[Date "2024.03.26"]
[Round "9"]
[White "TheMagician"]
[Black "gorgeous1083"]
[Result "1-0"]
[WhiteElo "2273"]
[BlackElo "2061"]
[TimeControl "180+1"]
[EndTime "15:45:22 PDT"]
[Termination "TheMagician won on time"]

1. d4 Nf6 2. c4 e6 3. Nf3 d5 4. g3 b6 5. Bg2 Bb7 6. Ne5 Bb4+ 7. Bd2 Be7 8. Bg5 O-O 9. Nc3 c6 10. O-O Nfd7 11. Nxd7 Nxd7 12. Bxe7 Qxe7 13. cxd5 cxd5 14.
a3 a5 15. Qd2 Ba6 16. Rfb1 Rfc8 17. e3 Bc4 18. b3 Ba6 19. b4 axb4 20. Rxb4 Bc4 21.
Qb2 Ra5 22. a4 Rca8 23. Rxc4 dxc4 24. Bxa8 Rxa8 25. Qb5 Rc8 26. Rb1 Qd6 27. Qb4 Qc6 28.
Rc1 Nf6 29. Qb5 Nd5 30. Qxc6 Rxc6 31. Kf1 Kf8 32. Ke2 Ke7 33. Kd2 Kd7 34. Rb1 Kc7 35. Rb5 Rd6 36. e4 Nxc3 37. Kxc3 Rc6 38. Rb4 Kd6 39.
Rxc4 Rxc4+ 40. Kxc4 Kc6 41. d5+ exd5+ 42. exd5+ Kd6 43. Kd4 f5 44. f4 h6 45. h3 h5 46.
Kc4 Kc7 47. Kb5 Kb7 48. d6 g6 49. d7 Kc7 50. h4 Kxd7 51. Kxb6 1-0

[Event "Late-Titled-Tuesday-Blitz-March-26-2024"]
[Site "Chess.com"]
[Date "2024.03.26"]
[Round "9"]
[White "nj123456"]
[Black "jinxy2009"]
[Result "1/2-1/2"]
[WhiteElo "2470"]
[BlackElo "2283"]
[TimeControl "180+1"]
[EndTime "15:45:24 PDT"]
[Termination "Game drawn - insufficient material"]

1. e4 c5 2. c3 Nf6 3. e5 Nd5 4. d4 cxd4 5. Nf3 Nc6 6. Bc4 Nb6 7. Bb3 d5 8. exd6 Qxd6 9. O-O Be6 10. Nxd4 Nxd4 11.
cxd4 Bxb3 12. Qxb3 g6 13. Nc3 Bg7 14. Be3 O-O 15.
Rfd1 Rfd8 16. h3 Qd7 17. Rac1 Nd5 18. Nxd5 Qxd5 19. Qxd5 Rxd5 20. Rc7 e5 21. Rxb7 exd4 22. Bf4 d3 23. b3 a5 24. g3 Rc8 25. h4 h5 26. Kg2 Rc2 27. a4 d2 28. Re7 Bc3 29. Kf3 Rb2 30. Rb7 Bb4 31. Be3 Rxb3 32. Ke2 Ra3 33. Rc7 Rxa4 34. Rc2 Ra3 35. Bxd2 Rad3 36.
Bxb4 Rxd1 37. Bxa5 Ra1 38. Bb6 Kg7 39. Be3 Ra6 40.
Kf3 Rf5+ 41. Kg2 Rd6 42. Rc7 Kf6 43. Bg5+ Ke6 44. Re7+ Kd5 45. Re3 f6 46. Bf4 Re6 47. Rd3+ Kc6 48. Rd8 g5 49. hxg5 fxg5 50. Be3 Rd6 51.
Rh8 g4 52. Rh7 Kd5 53. Bf4 Re6 54. Be3 Ke4 55. Rd7 Ref6 56. Rd4+ Ke5 57. Rd2 Rf3 58. Bd4+ Ke6 59. Bxf6 Kxf6 60. Rd5 Kg6 61. Kf1 Kh6 62. Ke2 Kg6 63. Rd6+ Kg5 64. Re6 Kf5 65. Re3 Rxe3+ 66. Kxe3 Ke5 67. f3 gxf3 68. Kxf3 Kf5 69. Kg2 Kg4 70.
Kh2 h4 71. gxh4 Kxh4 1/2-1/2

[Event "Late-Titled-Tuesday-Blitz-March-26-2024"]
[Site "Chess.com"]
[Date "2024.03.26"]
[Round "9"]
[White "MathiasWomacka"]
[Black "Hirna2005"]
[Result "1-0"]
[WhiteElo "2482"]
[BlackElo "2315"]
[TimeControl "180+1"]
[EndTime "15:45:27 PDT"]
[Termination "MathiasWomacka won by resignation"]

1. e4 g6 2. d4 Bg7 3. Nc3 d6 4. f4 a6 5. Nf3 b5 6. Bd3 Bb7 7.
e5 Nh6 8. O-O O-O 9. Be4 Bxe4 10. Nxe4 e6 11. Kh1 Qe7 12. a4 b4 13. a5 Ra7 14. Bd2 Rb7 15. Qe2 Rd8 16. Ra4 Qd7 17.
Rxb4 Rxb4 18. Bxb4 Qa4 19. Bc3 Qc6 20. h3 Nd7 21.
Kh2 d5 22. Nf2 Rb8 23. Nd3 Qc4 24. Nc1 Qxe2 25. Nxe2 Nf5 26. Ra1 Ne3 27. Ne1 Bf8 28. Kg1 c5 29. Kf2 Nf5 30. Nf3 cxd4 31. Nexd4 Bc5 32.
g4 Ne7 33. Ke2 Bb4 34. Bxb4 Rxb4 35. b3 Nc5 36. Ke3 Kf8 37. Nd2 h5 38. gxh5 gxh5 39. c3 Rb7 40. Rg1 Ng6 41. b4 Na4 42. Nxe6+ fxe6 43. Rxg6 Nxc3 44. Rxe6 Rxb4 45. Rxa6 Nd1+ 46. Kd3 Rxf4 47.
Rh6 h4 48. a6 Ra4 49. e6 Ke7 50. Nf3 Kd6 51. Nd4 Nb2+ 52. Kc3 Rc4+ 53. Kxb2 Rxd4 54.
a7 Ra4 55. e7+ Kxe7 56. Rh8 Rxa7 57. Rh7+ Ke6 58. Rxa7 Ke5 59. Rh7 Kf4 60. Rxh4+ Kg3 61. Rd4 Kxh3 62. Rxd5 Kg4 63. Kc3 Kf4 64. Kd4 1-0

[Event "Late-Titled-Tuesday-Blitz-March-26-2024"]
[Site "Chess.com"]
[Date "2024.03.26"]
[Round "9"]
[White "PapaieDudu"]
[Black "rhwr"]
[Result "1-0"]
[WhiteElo "2435"]
[BlackElo "2305"]
[TimeControl "180+1"]
[EndTime "15:45:28 PDT"]
[Termination "PapaieDudu won on time"]

1. Nf3 c5 2. e4 d6 3. d4 cxd4 4.
Nxd4 Nf6 5. Nc3 e5 6. Nb3 Be6 7.
f3 Be7 8. Be3 O-O 9. Qd2 Nbd7 10. O-O-O a6 11. g4 b5 12. g5 Ne8 13. h4 Nb6 14. Nd5 Nxd5 15. exd5 Bf5 16. Na5 Rc8 17. Nc6 Qc7 18. Kb1 g6 19. h5 gxh5 20. Rxh5 Ng7 21.
Rh6 Bg6 22. Bd3 Nf5 23. Bb6 Qb7 24. Nxe7+ Qxe7 25. Rh2 Qb7 26. Ba5 Qxd5 27. Bxf5 Qxd2 28. Rdxd2 Bxf5 29. Rxd6 Rc4 30. Bc3 Re8 31. a3 Rf4 32. Re2 Rxf3 33. Bxe5 Rf1+ 34. Ka2 Be6+ 35. b3 Rc8 36. Bf6 h6 37. Rdd2 hxg5 38. Bxg5 Rg1 39. Bf6 Rg6 40. Be5 f5 41. Rh2 Kf8 42. Rd6 Re8 43.
Kb2 a5 44. Rb6 b4 45. axb4 axb4 46. Bd6+ Kf7 47. Bxb4 f4 48. Bc3 Reg8 49. Rf2 1-0

[Event "Late-Titled-Tuesday-Blitz-March-26-2024"]
[Site "Chess.com"]
[Date "2024.03.26"]
[Round "9"]
[White "emeli_chess"]
[Black "Tol_Tol"]
[Result "1/2-1/2"]
[WhiteElo "2413"]
[BlackElo "2301"]
[TimeControl "180+1"]
[EndTime "15:45:31 PDT"]
[Termination "Game drawn by repetition"]

1. d4 Nf6 2. c4 g6 3. Nc3 Bg7 4. e4 O-O 5. Be3 d6 6. f3 Nc6 7.
Nge2 a6 8. Qd2 Rb8 9. Bh6 e5 10. d5 Nxe4 11. Nxe4 Qh4+ 12. g3 Qxh6 13. Qxh6 Bxh6 14.
dxc6 bxc6 15. b3 f5 16. N4c3 Be3 17. Rd1 Be6 18. f4 e4 19. Nd4 Bd7 20. Ke2 Bxd4 21. Rxd4 a5 22. Ke3 c5 23. Rd2 a4 24. Nxa4 Bxa4 25.
bxa4 Rb4 26. Be2 Rxa4 27. Rb1 Rfa8 28. Bd1 Ra3+ 29. Bb3 Kf8 30. h3 Ke7 31. g4 c6 32.
Kf2 d5 33. cxd5 c4 34. dxc6 cxb3 35. axb3 Rc8 36. Rd7+ Ke6 37. Rxh7 Rxc6 38. gxf5+ Kxf5 39. Rf7+ Ke6 40. Rf8 Rc3 41. Re1 Ra2+ 42. Re2 Rxe2+ 43. Kxe2 Rxb3 44. h4 Rh3 45. Rg8 Kf5 46. Rf8+ Kg4 47. Rg8 Kxf4 48. Rxg6 Rh2+ 49. Kf1 Rxh4 50. Ra6 Rh2 51. Ra8 Rb2 52. Ra7 Rb3 53. Ke2 Rb2+ 54. Kf1 Rb1+ 55. Ke2 Rb2+ 56. Kf1 1/2-1/2

[Event "Late-Titled-Tuesday-Blitz-March-26-2024"]
[Site "Chess.com"]
[Date "2024.03.26"]
[Round "9"]
[White "stollenmonster"]
[Black "nabukatnezarr"]
[Result "1/2-1/2"]
[WhiteElo "2842"]
[BlackElo "2613"]
[TimeControl "180+1"]
[EndTime "15:45:32 PDT"]
[Termination "Game drawn by repetition"]

1. e4 e5 2. Nc3 Nf6 3. g3 Bc5 4. Bg2 d6 5. h3 Nc6 6. Nge2 a6 7.
d3 Be6 8. Nd5 Bxd5 9. exd5 Ne7 10. c4 O-O 11. O-O Ng6 12. Kh2 Nd7 13. Rb1 f5 14. d4 exd4 15. Nxd4 Bxd4 16. Qxd4 f4 17. Bd2 Nde5 18. Rbe1 Qg5 19. Re4 fxg3+ 20. fxg3 Qh5 21.
Bf4 Nxf4 22. Rexf4 b6 23. R1f2 a5 24. Kg1 Qg6 25. Kh2 Rae8 26. Be4 Qh5 27. Bf5 g6 28. Be6+ Kg7 29. Rf7+ Rxf7 30. Rxf7+ Kh6 31. Qf4+ g5 32. Rf6+ Kg7 33. Qf5 Qe2+ 34. Kg1 Qe1+ 35. Kg2 Qe2+ 36. Qf2 Qxf2+ 37. Rxf2 Re7 38. b3 Nd3 39. Rf5 Kh6 40.
Kf3 Nc5 41. Kg4 Nxe6 42. Rf6+ Kg7 43. Rxe6 Rxe6 44. dxe6 Kg6 45. e7 h5+ 46. Kf3 Kf7 47. Ke4 Kxe7 48. Kf5 h4 49. g4 b5 50. Kxg5 a4 51.
Kf5 axb3 52. axb3 bxc4 53. bxc4 c6 54. Ke4 Ke6 55. Kd4 Kf6 56. Ke4 Ke6 57. Kf4 Kf6 58. Ke4 Ke6 1/2-1/2